 Dungeon Crawl Stone Soup version 0.29.1-12-g30fa7ad0bf (webtiles) character file.

Game seed: 11711394402538560199

1769860 concernfroge the Acrobat (level 27, 216/228 HPs)
             Began as a Djinni Fire Elementalist on Dec 28, 2022.
             Was the Champion of Ashenzari.
             Escaped with the Orb
             ... and 3 runes on Dec 31, 2022!
             The game lasted 09:03:52 (61378 turns).

concernfroge the Acrobat (DjFE)                    Turns: 61378, Time: 09:03:52

Health: 216/228    AC: 36    Str: 20    XL:     27
Gold:   4735       EV: 22    Int: 33    God:    Ashenzari [******] SH: 23 Dex: 15

rFire   + + +      SeeInvis +   a - staff of cold (curse) {Melee, Self}
rCold   + + +      Faith    .   u - +0 tower shield "Share My Failure" {+Blink, Evo, Self} (curse)
rNeg    + + .      Spirit   .   V - +3 pearl dragon scales of Ashenzari's Urgency {rC+ rN+ Str+4 Stlth-, Self, Fort} (curse)
rPois   ∞          Reflect  .   o - +2 helmet of Supernal Understanding {Int+3, Range, Self} (curse)
rElec   +          Harm     .   R - scarf of the Lashed Visionary {rC+ rF+, Self, Evo} (curse)
rCorr   +          Rampage  +   B - +5 pair of gloves of Apeoromancy {Rampage rN+, Fort, Cun} (curse)
Will    ++++.      Clarity  +   (boots unavailable)
Stlth   +.........              s - amulet of Ouranomancy {Regen+, Range, Self} (curse)
HPRegen 1.28/turn               H - ring of Supernal Understanding {rElec rPois Will++ rCorr MP-9, Evo, Self} (curse)
MPRegen 0.00/turn               T - ring "Ruined Visionary" {rC+ rCorr MP-9 Str+9, Melee, Self} (curse)

@: flying, hasted, studying Evocations, very quick
A: sickness immunity, fire resistance 2, cold vulnerability 1, float, innate
caster, HP casting, extra vitality 1
0: Orb of Zot
}: 3/15 runes: decaying, serpentine, silver
a: Renounce Religion, Evoke Blink, Shatter the Chains


You escaped.
You worshipped Ashenzari.
Ashenzari was exalted by your worship.
You visited 10 branches of the dungeon, and saw 48 of its levels.
You visited 2 bazaars.
You also visited: Wizlab and Desolation.

You collected 9401 gold pieces.
You spent 4666 gold pieces at shops.

Inventory:

Armour
 o - the cursed +2 helmet of Supernal Understanding (worn) {Int+3, Range, Self}
   (You bought it in a shop on level 3 of the Snake Pit)

   It has a curse which improves the following skills: Ranged Combat: Ranged
   Weapons and Throwing.
   Introspection: Fighting and Spellcasting.
 u - the cursed +0 tower shield "Share My Failure" (worn) {+Blink, Evo, Self}
   (You found it on level 3 of the Vaults)

   +Blink:    It lets you blink.
   It has a curse which improves the following skills: Evocations: Evocations.
   Introspection: Fighting and Spellcasting.
 B - the cursed +5 pair of gloves of Apeoromancy (worn) {Rampage rN+, Fort, Cun}
   (You acquired it on level 12 of the Dungeon)

   rN:        It protects you from negative energy.
   Rampage:   It bestows one free step when moving towards enemies.
   It has a curse which improves the following skills: Fortitude: Armour and
   Shields.
   Cunning:   Dodging and Stealth.
 R - the cursed scarf of the Lashed Visionary (worn) {rC+ rF+, Self, Evo}
   (You found it on level 3 of the Snake Pit)

   It has a curse which improves the following skills: Introspection: Fighting
   and Spellcasting.
   Evocations: Evocations.
 V - the cursed +3 pearl dragon scales of Ashenzari's Urgency (worn) {rC+ rN+ Str+4 Stlth-, Self, Fort}
   (You bought it in a shop on level 5 of the Dungeon)

   Str:       It affects your strength (+4).
   rC:        It protects you from cold.
   rN:        It protects you from negative energy.
   Stlth:     It makes you less stealthy.
   It has a curse which improves the following skills: Introspection: Fighting
   and Spellcasting.
   Fortitude: Armour and Shields.
Magical Staves
 a - a cursed staff of cold (weapon) {Melee, Self}
Jewellery
 s - the cursed amulet of Ouranomancy (around neck) {Regen+, Range, Self}
   (You bought it in a shop on level 11 of the Dungeon)

   [amulet of regeneration]

   Regen:     It increases your rate of health regeneration.
   It has a curse which improves the following skills: Ranged Combat: Ranged
   Weapons and Throwing.
   Introspection: Fighting and Spellcasting.
 H - the cursed ring of Supernal Understanding (left hand) {rElec rPois Will++ rCorr MP-9, Evo, Self}
   (You found it on level 15 of the Dungeon)

   [ring of resist corrosion]

   rElec:     It insulates you from electricity.
   rPois:     It protects you from poison.
   MP:        It affects your magic capacity (-9).
   rCorr:     It protects you from acid and corrosion.
   Will:      It greatly increases your willpower.
   It has a curse which improves the following skills: Evocations: Evocations.
   Introspection: Fighting and Spellcasting.
 P - an amulet of reflection
 T - the cursed ring "Ruined Visionary" (right hand) {rC+ rCorr MP-9 Str+9, Melee, Self}
   (You found it on level 15 of the Dungeon)

   [ring of protection from cold]

   Str:       It affects your strength (+9).
   rC:        It protects you from cold.
   MP:        It affects your magic capacity (-9).
   rCorr:     It protects you from acid and corrosion.
   It has a curse which improves the following skills: Melee Combat: Short
   Blades, Long Blades, Axes, Maces & Flails, Polearms, Staves and Unarmed
   Combat.
   Introspection: Fighting and Spellcasting.
Wands
 c - a wand of polymorph (3)
 p - a wand of roots (32)
 w - a wand of charming (18)
 D - a wand of flame (41)
 J - a wand of mindburst (33)
 L - a wand of quicksilver (24)
 N - a wand of digging (25)
Scrolls
 e - 16 scrolls of fog
 f - 8 scrolls of blinking
 g - 5 scrolls of magic mapping
 i - 6 scrolls of summoning
 l - 5 scrolls of immolation
 m - 4 scrolls of silence
 r - 6 scrolls of noise
 t - 8 scrolls of vulnerability
 v - 12 scrolls of poison
 y - 5 scrolls of enchant armour
 M - a scroll of torment
 O - 4 scrolls of fear
 Q - 19 scrolls of teleportation
Potions
 d - 7 potions of curing
 h - 11 potions of heal wounds
 j - 4 potions of ambrosia
 k - 14 potions of attraction
 n - 7 potions of lignification
 x - 3 potions of haste
 A - 2 potions of invisibility
 E - 6 potions of brilliance
 G - 2 potions of cancellation
 I - 3 potions of might
 K - 2 potions of resistance
 U - 8 potions of mutation
Miscellaneous
 z - a lightning rod (4/4)
 C - a phial of floods
 F - a phantom mirror
 S - a box of beasts
 W - a tin of tremorstones (2/2)
 X - a condenser vane


   Skills:
 - Level 17.1(27) Fighting
 + Level 23.5(26.9) Armour
 - Level 25.0(27) Dodging
 - Level 10.9(13.5) Stealth
 + Level 20.3(23.8) Shields
 - Level 18.1(27) Spellcasting
 - Level 14.2(19.3) Evocations


You couldn't memorise any spells.
You knew the following spells:

 Your Spells              Type           Power      Damage    Failure   Level
a - Foxfire               Conj/Fire      100%       2x1d9     0%          1
b - Scorch                Fire           100%       2d10      0%          2
c - Conjure Flame         Conj/Fire      100%       6-21      0%          3
d - Inner Flame           Hex/Fire       100%       N/A       0%          3
e - Flame Wave            Conj/Fire      100%       2d21      0%          4
f - Shock                 Conj/Air       100%       1d9       0%          1
g - Call Imp              Summ           100%       N/A       0%          2
h - Spider Form           Tmut/Pois      100%       N/A       0%          3
i - Stone Arrow           Conj/Erth      100%       3d13      0%          3
j - Animate Armour        Summ/Erth      100%       N/A       0%          4
k - Summon Forest         Summ/Tloc      61%        N/A       0%          5
l - Summon Cactus Giant   Summ           61%        N/A       0%          6
m - Simulacrum            Ice/Necr       73%        N/A       0%          6
n - Malign Gateway        Summ/Tloc      61%        N/A       0%          7
o - Lehudib's Crystal Sp  Conj/Erth      61%        10d14     1%          8
p - Storm Form            Tmut/Air       61%        N/A       0%          7
q - Disjunction           Tloc           61%        N/A       1%          8
r - Shatter               Erth           61%        3d45*     1%          9
Your spell library was empty.

Dungeon Overview and Level Annotations

Branches:
Dungeon (15/15)            Temple (1/1) D:4            Lair (5/5) D:8
  Swamp (4/4) Lair:2        Snake (4/4) Lair:2        Slime (0/5) Lair:4
    Orc (2/2) D:12            Elf (3/3) Orc:2        Vaults (5/5) D:13
  Crypt (0/3) Vaults:3     Depths (4/4) D:15            Zot (5/5) Depths:4
 WizLab (visited)         Desolation (visited)

Altars:
Ashenzari
Cheibriados
Dithmenos
Elyvilon
Fedhas
Gozag
Hepliaklqana
Makhleb
Nemelex Xobeh
Okawaru
Qazlal
Ru
Trog
Uskayaw
Wu Jian
Xom
Yredelemnul
Zin
The Shining One

Shops:
D:2 =   D:5 [   D:7 (   D:11 =   D:15 (*=   Orc:2 (:[*   Elf:2 (   Elf:3 ==:
Snake:1 ?(!=**=   Snake:3 [[*?   Vaults:5 *

Portals:
Hell: Depths:1 Depths:2 Depths:3 Depths:4
Abyss: Depths:3
Pandemonium: Depths:2 Depths:3
Ziggurat: Depths:2

Annotations:
D:7 exclusion: downstairs
D:11 exclusion: 2 doors, Gastronok
Vaults:2 2 transporters, Dacon's ghost, adept MiGl; Kare Xaoge's ghost, adept DgTm
Depths:1 3 runed translucent doors, exclusion: 3 doors, Dameikh's ghost, veteran FoFi
Zot:5 1 runed translucent door, FizzleBangTC's ghost, adept MeEE


Innate Abilities, Weirdness & Mutations

You are immune to sickness and miasma.
You are immune to poison.
Your flesh is very heat resistant. (rF++)
You are vulnerable to cold. (rC-)
You float through the air rather than walking.
You learn spells naturally, not from books.
Your magical power is your life essence.
You have superior vitality. (+4 MHP)


Message History

The Orb Guardian misses you.
You feel yourself speed up. The Orb Guardian closely misses you.
Casting: Lehudib's Crystal Spear (mildly dangerous; 1% risk of failure)
Confirm with . or Enter, or press ? or * to list all spells.
The dungeon rumbles!
The Orb Guardian is lightly wounded.
You kill the rust devil!
Ka-crash!
You block the Orb Guardian's attack.
Casting: Shatter (dangerous; 1% risk of failure)
Confirm with . or Enter, or press ? or * to list all spells.
Aiming: Lehudib's Crystal Spear (mildly dangerous; 1% risk of failure)
Press: ? - help, Shift-Dir - straight line, f - Orb Guardian
Aim: an Orb Guardian (lightly wounded, 78% to hit)
The crystal spear hits the Orb Guardian!!!
The Orb Guardian is severely wounded.
You block the Orb Guardian's attack.
Casting: Lehudib's Crystal Spear (mildly dangerous; 1% risk of failure)
Confirm with . or Enter, or press ? or * to list all spells.
Aiming: Lehudib's Crystal Spear (mildly dangerous; 1% risk of failure)
Press: ? - help, Shift-Dir - straight line, f/p - Orb Guardian
Aim: an Orb Guardian (severely wounded, 78% to hit)
The crystal spear hits the Orb Guardian!!!
You kill the Orb Guardian!
A hellwing comes into view.
Aiming: Dig
Press: ? - help, Shift-Dir - straight line A rock wall.
This square is covered in magical glow.
The rock shatters into small pieces.
A hellwing comes into view.
The hellwing moves out of view.
You rampage towards the hellwing!
You hit the hellwing but do no damage. You freeze the hellwing.
The hellwing is lightly wounded.
You block the hellwing's attack. x2
Blink to where?
Press: ? - help, Dir - move target
As you read the scroll of blinking, it crumbles to dust.
You have escaped!

##############.##.#######*......
#...............##.##### *#.....
##.#############.##§##### ###...
...# #P.......(.....P# #... .###
#~P.....4..4..P≈# #... .#
#~~P.........P≈~# #... .#
#≈~~P.......P~≈≈# #... .#
######≈≈~~P.....P~≈≈≈# #... .#
#....#≈≈≈~≈P.@.P~~≈≈≈# #... .#
#.##.#≈≈~~P.....P~~≈≈# ##... .#
#.##.#≈~~P.......P≈≈≈# #.... .#
#.##.#~~P.........P≈≈# #.... .#
#.##.#~P.........(.P~# #.... .#
#.##.#P.............P# #.... .#
#.##........#.############....
.# #.####.####...#
#............. .# #......# #.###
#.###.........


You could see 2 hellwings.

Vanquished Creatures
  An ancient lich (Zot:5)
  A dread lich (Zot:5)
  An orb of fire (Zot:1)
  A juggernaut (Depths:2)
  Boris (twice) (Vaults:4 Depths:3)
  A Killer Klown (Zot:5)
  Bai Suzhen (Swamp:3)
  3 curse toes
  Vv (Zot:1)
  Saint Roka (Orc:2)
  Nikola (Elf:3)
  2 golden dragons (Zot:2)
  3 electric golems
  A Tzitzimitl (Depths:3)
  8 tentacled monstrosities
  3 liches
  6 Orb Guardians
  5 quicksilver dragons
  2 deep elf blademasters
  4 Executioners
  4 death cobs
  2 sphinxes
  A tengu reaver (Depths:1)
  9 storm dragons
  A shadow dragon (Zot:1)
  A draconian monk (Zot:1)
  2 draconian knights (Zot:1)
  3 vault wardens
  A fenstrider witch (Swamp:2)
  3 fire giants
  4 ghost moths
  An imperial myrmidon (Desolation)
  2 frost giants
  2 draconian shifters
  2 draconian scorchers
  2 caustic shrike zombies (Depths:3)
  An orc warlord (Orc:2)
  8 ironbound preservers
  2 draconian annihilators (Zot:2)
  3 spriggan defenders
  3 war gargoyles
  3 ironbound thunderhulks
  A caustic shrike skeleton (Depths:3)
  4 stone giants
  A reaper (Depths:2)
  A very ugly thing (Depths:2)
  3 green draconians
  A deep elf demonologist (Elf:1)
  A vampire knight (Depths:3)
  Azrael (D:15)
  An eleionoma (Swamp:3)
  6 deep elf annihilators
  2 halazid warlocks (Desolation)
  2 black draconians (Depths:4)
  A bunyip (Swamp:2)
  2 white draconians
  2 yellow draconians
  7 red draconians
  A spectral titan (Depths:3)
  2 purple draconians
  A spark wasp (Depths:4)
  5 deep elf death magi
  2 crystal guardians
  A merfolk javelineer (Depths:3)
  A quicksilver dragon zombie (Depths:3)
  3 ettins
  A spriggan zombie (Depths:3)
  3 fire dragons (Depths:2)
  A deep elf high priest (Elf:3)
  A ragged hierophant (Desolation)
  2 rakshasas
  A salamander tyrant (Snake:4)
  7 yaktaur captains
  6 great orbs of eyes
  12 vault guards
  A caustic shrike simulacrum (Depths:3)
  3 boulder beetles
  2 hydras
  A spriggan air mage (Depths:3)
  12 centaur warriors
  7 ice dragons
  5 peacekeepers
  An ogre mage (Vaults:5)
  3 anacondas
  A spectral frost giant (Depths:3)
  3 ironbound frosthearts
  A naga warrior (Snake:4)
  9 dancing weapons
  4 two-headed ogres
  5 tengu warriors
  A deep troll earth mage (Depths:3)
  2 alligators (Swamp:3)
  2 death yaks (Lair:3)
  A vampire mage (Depths:2)
  4 naga sharpshooters
  3 shock serpents (Snake:4)
  2 orc high priests (Orc:2)
  A sun demon (Depths:2)
  Sonja (D:12)
  10 deep elf knights
  3 hell knights (Depths:1)
  2 iron trolls (Depths:3)
  2 soul eaters
  9 skeletal warriors
  2 spectral spark wasps (Depths:3)
  11 deep trolls
  2 golden dragon zombies (Depths:3)
  A goliath frog (Swamp:3)
  5 bog bodies
  2 sixfirhies
  Lodul (D:11)
  2 glowing orange brains
  2 flayed ghosts
  10 wizards
  11 ironbound convokers
  A spriggan simulacrum (Depths:3)
  A shadow dragon zombie (Depths:3)
  8 deep elf archers
  7 lindwurms
  15 deep elf pyromancers
  3 orc knights
  6 necromancers
  A tengu skeleton (Depths:3)
  4 harpies
  3 manticores
  13 deep elf zephyrmancers
  5 orc sorcerers
  22 ugly things
  A wolf spider (D:15)
  A cyclops (shapeshifter) (Vaults:5)
  A shadow dragon skeleton (Depths:3)
  Maurice (D:12)
  9 cyclopes
  2 rust devils
  3 guardian serpents
  14 elephants
  9 vault sentinels
  Joseph (Lair:1)
  A smoke demon (Depths:2)
  18 moths of wrath
  7 black mambas
  2 orange demons
  8 cane toads
  2 naga magi
  2 gargoyles (WizLab)
  A torpor snail (Lair:3)
  A molten gargoyle (Desolation)
  A rime drake (Lair:1)
  Psyche (D:9)
  4 kobold demonologists (D:15)
  4 tormentors (Depths:3)
  4 komodo dragons
  3 freezing wraiths
  14 yaktaurs
  A hellwing (D:10)
  3 ice devils
  A tengu conjurer (D:13)
  2 red devils (D:10)
  11 polar bears (Lair:5)
  3 meliai
  2 polar bears (shapeshifter)
  4 hornets
  7 tyrant leeches
  4 saltlings (Desolation)
  4 trolls
  A tarantella (shapeshifter) (Vaults:2)
  9 slime creatures
  3 dream sheep (Lair:3)
  12 blink frogs
  A raiju (Lair:5)
  2 air elementals
  Sigmund (D:4)
  A wraith (D:12)
  4 spriggans
  2 shadows (D:13)
  A wyvern (Lair:4)
  21 yaks
  5 basilisks
  3 fire elementals
  5 water elementals
  A chaos spawn (D:9)
  14 vampire mosquitoes
  7 nagas
  3 redbacks (Vaults:1)
  A steam dragon (Swamp:4)
  4 swamp worms
  6 wargs
  An acid dragon (D:11)
  8 water moccasins
  A floating eye (D:15)
  14 hell hounds
  Pargi (D:4)
  11 black bears (Lair:5)
  A sky beast (D:7)
  A swamp drake (Swamp:4)
  17 orc warriors
  9 ogres
  29 wolves
  3 centaurs
  2 phantoms
  12 bullfrogs
  A wyvern zombie (D:8)
  5 kobold brigands
  2 necrophages
  5 earth elementals
  2 gnoll sergeants
  3 scorpions
  3 wights (D:8)
  A swamp dragon simulacrum (Swamp:3)
  11 killer bees
  3 howler monkeys
  2 electric eels (Lair:3)
  A centaur zombie (D:8)
  5 jellies
  3 quasits (D:10)
  16 orc priests
  2 hounds
  Crazy Yiuf (D:5)
  A gnoll bouda (D:6)
  Ijyb (D:4)
  3 iguanas
  22 orc wizards
  8 hell rats
  19 gnolls
  5 adders
  A shadow imp (D:8)
  An ufetubus (D:6)
  2 dart slugs
  61 orcs
  5 ball pythons
  4 bats
  5 endoplasms
  3 giant cockroaches
  2 goblins
  4 hobgoblins
  2 jackals (D:3)
  5 quokkas
  11 frilled lizards
  24 kobolds
  9 rats
  A snaplasher vine (Orc:2)
1072 creatures vanquished.

Vanquished Creatures (collateral kills)
  4 dread liches
  3 orbs of fire (Zot:5)
  Mara (Depths:3)
  6 ancient liches
  3 Killer Klowns (Zot:5)
  Margery (Depths:1)
  5 caustic shrikes (Depths:4)
  4 golden dragons
  An electric golem (Zot:5)
  11 tentacled monstrosities
  Zenata (Vaults:4)
  A lich (Vaults:5)
  6 titans
  A walking divine tome (Depths:2)
  Asterion (Elf:2)
  22 Orb Guardians (Zot:5)
  2 deep elf blademasters (Elf:3)
  4 quicksilver dragons
  3 deep elf master archers (Elf:3)
  2 death cobs (Zot:5)
  An Executioner (Depths:3)
  4 sphinxes (Vaults:5)
  An eldritch tentacle (Zot:5)
  9 storm dragons
  Roxanne (Elf:3)
  A thorn hunter (Swamp:2)
  Kirke (Snake:1)
  2 shadow dragons (Vaults:5)
  The ghost of Jingleheimer the Spry, an adept MiGl of Makhleb (Snake:2)
  2 fenstrider witches (Swamp:4)
  6 tengu reavers
  4 nagarajas
  4 draconian monks
  5 fire giants
  A daeva (Depths:2)
  9 frost giants
  4 draconian knights
  Louise (Snake:1)
  8 deep elf sorcerers
  12 vault wardens
  3 angels
  Aizul (Vaults:2)
  3 draconian scorchers
  An orc warlord (Vaults:2)
  5 draconian shifters
  2 draconian stormcallers (Zot:1)
  6 ironbound preservers
  4 deep elf elementalists
  7 stone giants
  3 draconian annihilators
  7 very ugly things
  7 green draconians
  2 war gargoyles
  6 ironbound thunderhulks
  3 deep elf demonologists (Elf:3)
  4 deep elf annihilators
  3 eleionomae
  A halazid warlock (Desolation)
  4 dire elephants (Vaults:2)
  3 entropy weavers
  9 black draconians
  4 red draconians
  A spark wasp (Depths:2)
  3 bunyips
  5 purple draconians
  7 yellow draconians
  4 white draconians
  A crystal guardian (WizLab)
  9 ettins
  A blizzard demon (Depths:3)
  A merfolk impaler (Depths:3)
  3 deep elf death magi
  3 great orbs of eyes
  5 ragged hierophants (Desolation)
  11 yaktaur captains
  5 servants of whispers (Desolation)
  4 deep elf high priests
  5 fire dragons
  3 ice dragons (Depths:4)
  A rakshasa (Depths:3)
  29 vault guards
  8 hydras
  A spriggan zombie (Depths:3)
  The ghost of ZoeForever1 the Skirmisher, a journeyman GnHu of Gozag (D:11)
  5 salamander tyrants
  A juggernaut simulacrum (Depths:3)
  2 ghost crabs
  10 peacekeepers
  14 centaur warriors
  A two-headed ogre (shapeshifter) (Vaults:5)
  An ogre mage (D:15)
  11 naga warriors
  11 anacondas
  4 death yaks (Lair:3)
  3 alligators
  5 deep troll shamans
  10 tengu warriors
  A two-headed ogre (D:13)
  3 vampire magi
  10 naga sharpshooters
  16 dancing weapons
  6 deep troll earth magi
  11 shock serpents
  4 orc high priests
  3 spriggan berserkers
  Urug (Orc:1)
  13 hell knights
  A sun demon (Depths:3)
  A soul eater (Depths:3)
  7 deep elf knights
  2 fire crabs (Swamp:4)
  2 salamander mystics (Snake:4)
  5 spriggans
  2 iron trolls
  4 skeletal warriors
  7 swamp dragons (Swamp:4)
  A glowing orange brain (Depths:2)
  A sea snake (shapeshifter) (Vaults:2)
  2 spriggan druids (Swamp:4)
  3 goliath frogs
  A spriggan rider (Swamp:4)
  26 deep trolls
  4 orc knights
  2 bog bodies (Swamp:3)
  A spriggan simulacrum (Depths:3)
  7 naga ritualists
  4 deep elf archers
  4 necromancers
  5 ironbound convokers
  2 wizards
  12 lindwurms
  5 harpies (Vaults:1)
  An obsidian statue (Orc:2)
  4 phantasmal warriors (Vaults:5)
  20 deep elf zephyrmancers
  18 deep elf pyromancers
  A tengu skeleton (Depths:3)
  17 ugly things
  An orc sorcerer (Orc:2)
  13 mana vipers
  A glowing shapeshifter (Depths:2)
  A manticore (D:12)
  9 moths of wrath
  3 cyclopes
  A wolf spider (D:15)
  An iron dragon skeleton (Depths:3)
  2 sphinx skeletons (Depths:3)
  21 salamanders
  An elephant (Lair:5)
  19 naga magi
  18 black mambas
  9 guardian serpents
  10 vault sentinels
  5 gargoyles
  9 molten gargoyles
  A cane toad (Lair:3)
  An orange demon (Depths:3)
  13 yaktaurs
  A rime drake (shapeshifter) (D:15)
  A freezing wraith (Vaults:5)
  3 tengu conjurers
  A hellwing (Depths:3)
  A spark wasp simulacrum (Depths:3)
  A red devil (Depths:3)
  A hydra zombie (Swamp:3)
  A golden dragon simulacrum (Depths:3)
  3 trolls
  7 tyrant leeches
  A meliai (D:14)
  6 hornets
  36 saltlings (Desolation)
  21 slime creatures
  A dream sheep (Lair:3)
  2 raiju (Lair:5)
  A fire giant simulacrum (Depths:3)
  An air elemental (Elf:2)
  3 yaks (Lair:3)
  4 hogs (Snake:1)
  6 fire elementals
  4 water elementals
  2 redbacks
  2 neqoxecs (Depths:3)
  2 steam dragons (Swamp:4)
  A chaos spawn (Depths:3)
  41 nagas
  2 wargs (Orc:2)
  6 swamp worms
  A hell hound (Lair:5)
  3 water moccasins
  A hydra simulacrum (Swamp:3)
  A glowing shapeshifter skeleton (Depths:3)
  A floating eye (D:15)
  7 swamp drakes (Swamp:4)
  A meliai simulacrum (D:15)
  An alligator simulacrum (Swamp:3)
  17 orc warriors
  A swamp dragon zombie (Swamp:3)
  2 ogres
  2 wolves (Lair:5)
  An earth elemental (WizLab)
  9 orc priests
  6 orc wizards
  4 hell rats (Lair:3)
  2 lightning spires (WizLab)
  2 gnolls
  23 orcs
  A giant cockroach (D:4)
  2 kobolds (D:15)
  25 briar patches (Swamp:2)
  A bush (Lair:3)
  3 plants (Depths:4)
1094 creatures vanquished.

Vanquished Creatures (others)
  29 eldritch tentacles
  A draconian stormcaller (Zot:1)
  A deep elf high priest (Elf:3)
  A vault guard (D:13)
  An ice dragon (Depths:4)
  A peacekeeper (Desolation)
  A deep elf knight (Elf:1)
  A deep elf pyromancer (Elf:1)
  A necromancer (Depths:3)
  A deep elf zephyrmancer (Elf:1)
  A salamander (Snake:4)
  A molten gargoyle (Desolation)
  4 bloated husks
  A human (Snake:1)
  A steam dragon (Swamp:4)
  A swamp drake (Swamp:4)
  An ogre (D:11)
  An electric eel (Lair:3)
  A briar patch (Swamp:2)
  174 foxfires
  14 fungi
  57 plants
  24 snaplasher vines
319 creatures vanquished.

Grand Total: 2485 creatures vanquished

Notes
Turn   | Place    | Note
-------+----------+-------------------------------------------
     0 | D:1      | concernfroge the Djinni Fire Elementalist began the quest
                  | for the Orb.
     0 | D:1      | concernfroge set off with the following spells memorised:
                  | Foxfire, Scorch, Conjure Flame, Inner Flame, Flame Wave.
     0 | D:1      | Reached XP level 1. HP: 15/15 MP: 0/0
   278 | D:1      | Reached XP level 2. HP: 18/21 MP: 0/0
  1201 | D:2      | Reached XP level 3. HP: 23/25 MP: 0/0
  1201 | D:2      | Learned a level 1 spell: Shock
  1554 | D:2      | Reached XP level 4. HP: 29/31 MP: 0/0
  1914 | D:2      | Found Xysta's Jewellery Emporium.
  2023 | D:2      | Found a faded altar of an unknown god.
  2732 | D:3      | Reached XP level 5. HP: 31/35 MP: 0/0
  2732 | D:3      | Learned a level 2 spell: Call Imp
  3320 | D:3      | Reached XP level 6. HP: 15/40 MP: 0/0
  3331 | D:3      | Reached skill level 5 in Spellcasting
  3899 | D:4      | Noticed Ijyb
  3907 | D:4      | Killed Ijyb
  4308 | D:4      | Noticed Pargi
  4825 | D:4      | Noticed Sigmund
  4932 | D:4      | Killed Sigmund
  4933 | D:4      | Reached XP level 7. HP: 33/45 MP: 0/0
  4933 | D:4      | Learned a level 3 spell: Spider Form
  5348 | D:4      | Found a staircase to the Ecumenical Temple.
  5355 | Temple   | Entered the Ecumenical Temple
  5631 | D:4      | Killed Pargi
  5907 | D:2      | Bought a ring of resist corrosion for 280 gold pieces
  5997 | Temple   | Became a worshipper of Ashenzari the Shackled
  6060 | D:5      | Entered Level 5 of the Dungeon
  6106 | D:5      | Reached XP level 8. HP: 44/50 MP: 0/0
  6242 | D:5      | Noticed a two-headed ogre
  6250 | D:5      | Killed a two-headed ogre
  6347 | D:5      | Found Daniel's Dragon-Slaying Spoils.
  6351 | D:5      | Reached XP level 9. HP: 43/55 MP: 0/0
  6351 | D:5      | Learned a level 3 spell: Stone Arrow
  6705 | D:5      | Found a snail-covered altar of Cheibriados.
  6705 | D:5      | Found a white marble altar of Elyvilon.
  6711 | D:5      | Found a glowing golden altar of the Shining One.
  6714 | D:5      | Found a hide-covered altar of Uskayaw.
  6716 | D:5      | Found a shadowy altar of Dithmenos.
  6769 | D:5      | Found a sacrificial altar of Ru.
  6859 | D:5      | Found a runed translucent door.
  6860 | D:5      | Noticed Crazy Yiuf
  6867 | D:5      | Killed Crazy Yiuf
  7791 | D:6      | Reached * piety under Ashenzari
  8146 | D:6      | Reached skill level 1 in Fighting
  8277 | D:7      | Found an iron altar of Okawaru.
  8407 | D:7      | Reached skill level 3 in Dodging
  8724 | D:7      | Found Pouriul's Weapon Shop.
  8734 | D:7      | Reached skill level 4 in Dodging
  8979 | D:7      | Reached ** piety under Ashenzari
  9361 | D:7      | Found a burning altar of Makhleb.
  9361 | D:7      | Found a bloodstained altar of Trog.
  9885 | D:8      | Reached XP level 10. HP: 44/69 MP: 0/0
  9930 | D:7      | Identified the cursed +0 cloak of Ashenzari's Limitation
                  | {Melee, Cun} (You took it off Crazy Yiuf on level 5 of the
                  | Dungeon)
  9930 | D:7      | Identified the cursed +2 hat "Cosmic Dismay" {Cun, Evo}
                  | (You found it on level 7 of the Dungeon)
 10005 | D:8      | Reached skill level 5 in Dodging
 10303 | D:8      | Reached skill level 5 in Fighting
 10303 | D:8      | Reached skill level 6 in Dodging
 10341 | D:8      | Found a staircase to the Lair.
 10467 | D:8      | Found a basalt altar of Yredelemnul.
 10570 | D:8      | Identified a scroll of acquirement
 10978 | D:9      | Reached skill level 7 in Dodging
 11268 | D:9      | Noticed Psyche
 11309 | D:9      | Killed Psyche
 11659 | D:9      | Noticed a manticore
 11664 | D:9      | Killed a manticore
 11665 | D:9      | Reached skill level 8 in Dodging
 11932 | D:9      | Noticed a two-headed ogre
 11941 | D:9      | Killed a two-headed ogre
 11942 | D:9      | Reached XP level 11. HP: 71/84 MP: 0/0
 11942 | D:9      | Learned a level 4 spell: Animate Armour
 12354 | D:10     | Entered Level 10 of the Dungeon
 12699 | D:10     | Noticed a soul eater
 13065 | D:10     | Noticed a soul eater
 13069 | D:10     | Identified the +4 quarterstaff "Wyox" {spect, rC+ Str+5}
 13440 | D:9      | Killed a soul eater
 13441 | D:9      | Reached skill level 5 in Stealth
 14175 | D:10     | Killed a soul eater
 14649 | D:10     | Reached XP level 12. HP: 62/92 MP: 0/0
 14804 | D:10     | Noticed a sixfirhy
 14810 | D:10     | Killed a sixfirhy
 15075 | D:10     | Reached skill level 9 in Dodging
 15296 | D:11     | Noticed Gastronok
 15431 | D:11     | Noticed a boulder beetle
 15476 | D:11     | Noticed Lodul
 15480 | D:11     | Killed Lodul
 15617 | D:11     | Found a runed translucent gate.
 15720 | D:11     | Reached skill level 10 in Fighting
 16376 | D:11     | Found Louhein's Jewellery Shoppe.
 16384 | D:11     | Bought an amulet of regeneration for 330 gold pieces
 16398 | D:11     | Reached skill level 10 in Dodging
 16425 | D:11     | Found a runed translucent gate.
 16425 | D:11     | Identified the +3 plate armour of Focus {rPois Slay+3}
 16426 | D:11     | Found a runed translucent gate.
 16552 | D:11     | Noticed ZoeForever1's ghost (journeyman GnHu)
 16831 | Lair:1   | Entered Level 1 of the Lair of Beasts
 16993 | Lair:1   | Noticed Joseph
 17515 | Lair:1   | Killed Joseph
 17594 | Lair:2   | Found a staircase to the Swamp.
 17633 | Lair:2   | Reached skill level 11 in Dodging
 17669 | Lair:2   | Reached XP level 13. HP: 97/101 MP: 0/0
 17669 | Lair:2   | Learned a level 5 spell: Summon Forest
 17727 | Lair:2   | Identified the Precepts of the Transforming Union
 17808 | Lair:2   | Noticed a boulder beetle
 17826 | Lair:2   | Killed a boulder beetle
 17961 | Lair:2   | Found a staircase to the Snake Pit.
 17979 | Lair:2   | Reached skill level 12 in Dodging
 18305 | Lair:2   | Reached skill level 10 in Spellcasting
 18592 | Lair:3   | Noticed an eight-headed hydra
 18600 | Lair:3   | Killed an eight-headed hydra
 18643 | Lair:3   | Identified the +5 trident of Conscience {vamp, rN+}
 19099 | Lair:3   | Reached XP level 14. HP: 92/107 MP: 0/0
 20287 | Lair:4   | Reached *** piety under Ashenzari
 20600 | Lair:4   | Found a staircase to the Slime Pits.
 20807 | Lair:5   | Entered Level 5 of the Lair of Beasts
 20905 | Lair:5   | Reached skill level 1 in Armour
 21120 | Lair:4   | Identified the cursed +2 pair of gloves "Share My Omen"
                  | {Melee, Self} (You found it on level 11 of the Dungeon)
 21120 | Lair:4   | Identified the cursed +2 robe of Ashenzari's Affliction
                  | {rC+ rF+, Self, Melee} (You took it off Sigmund on level 4
                  | of the Dungeon)
 21490 | Lair:5   | Reached skill level 13 in Dodging
 21719 | Lair:5   | Identified the +7 whip "Deesugarph" {flame, rN++ MP+9
                  | Dex+2}
 22826 | D:12     | Noticed Maurice
 22876 | D:12     | Reached XP level 15. HP: 106/121 MP: 0/0
 22876 | D:12     | Learned a level 6 spell: Summon Cactus Giant
 22889 | D:12     | Noticed Sonja
 22895 | D:12     | Killed Sonja
 22926 | D:12     | Killed Maurice
 22927 | D:12     | Reached skill level 14 in Dodging
 22930 | D:12     | Acquired the +5 pair of gloves "Copah" {Rampage rN+}
 22932 | D:12     | Reached **** piety under Ashenzari
 23451 | D:12     | Found a staircase to the Orcish Mines.
 23497 | D:12     | Reached skill level 1 in Shields
 24389 | D:13     | Found a gate to the Vaults.
 25580 | D:14     | Found a sacrificial altar of Ru.
 25590 | D:14     | Reached skill level 5 in Shields
 25732 | D:14     | Reached ***** piety under Ashenzari
 26111 | D:15     | Entered Level 15 of the Dungeon
 26174 | D:15     | Reached XP level 16. HP: 130/130 MP: 0/0
 26197 | D:15     | Identified the ring of the Messenger {Fire rPois Str+4
                  | Dex+3}
 26420 | D:15     | Paralysed by a floating eye for 2 turns
 26422 | D:15     | Found a staircase to the Depths.
 26531 | D:15     | Paralysed by a floating eye for 2 turns
 26578 | D:15     | Found Raonyst's Jewellery Boutique.
 26650 | D:15     | Found a transporter.
 26760 | D:15     | Identified the +5 ring mail "Fablieg" {rF+ Str+4}
 26901 | D:15     | Identified the ring "Lanin" {rElec rPois Will++ rCorr MP-9}
 26902 | D:15     | Noticed Azrael
 26910 | D:15     | Killed Azrael
 27034 | D:15     | Found Apsa's Assorted Antiques.
 27037 | D:15     | Found a transporter.
 27269 | D:15     | Identified the ring of Yendor {rC+ rCorr MP-9 Str+9}
 27386 | D:15     | Noticed a storm dragon
 27393 | D:15     | Killed a storm dragon
 27394 | D:15     | Reached skill level 15 in Fighting
 27430 | D:15     | Found Ceunn's Antique Weapon Shop.
 27482 | D:15     | Identified the Encyclopedia of Geological Attendants
 27491 | D:15     | Reached XP level 17. HP: 125/138 MP: 0/0
 27491 | D:15     | Learned a level 6 spell: Simulacrum
 27693 | Orc:1    | Entered Level 1 of the Orcish Mines
 27926 | Orc:1    | Noticed Urug
 27932 | Orc:1    | Killed Urug
 28227 | Orc:2    | Entered Level 2 of the Orcish Mines
 28227 | Orc:2    | Found a staircase to the Elven Halls.
 28277 | Orc:2    | Noticed Saint Roka
 28285 | Orc:2    | Killed Saint Roka
 28454 | Orc:2    | Found a gateway to a bazaar.
 28475 | Bazaar   | Entered a bazaar
 28477 | Bazaar   | Found Nyuch's General Store.
 28481 | Bazaar   | Found Kekuffyl's Armour Boutique.
 28481 | Bazaar   | Found Yvireh's Weapon Boutique.
 28482 | Bazaar   | Found Uniequz's Weapon Boutique.
 28513 | Bazaar   | Bought a scroll of summoning for 85 gold pieces
 28513 | Bazaar   | Bought a wand of digging (3) for 113 gold pieces
 28513 | Bazaar   | Bought a scroll of fog for 36 gold pieces
 28513 | Bazaar   | Bought a scroll of fog for 36 gold pieces
 28513 | Bazaar   | Bought a scroll of teleportation for 27 gold pieces
 28513 | Bazaar   | Bought a potion of curing for 27 gold pieces
 28870 | Orc:2    | Found a runed translucent door.
 29535 | Orc:2    | Found Isu Xel's General Store.
 29536 | Orc:2    | Found Wager's Book Shoppe.
 29537 | Orc:2    | Found Kevacir's Antique Armour Shoppe.
 29537 | Orc:2    | Found Qiutoif's Antique Weapon Emporium.
 29617 | Orc:2    | Bought a scroll of blinking for 120 gold pieces
 29617 | Orc:2    | Bought a scroll of vulnerability for 64 gold pieces
 29898 | D:5      | Bought the +3 pearl dragon scales of Hubris {rC+ rN+ Str+4
                  | Stlth-} for 1361 gold pieces
 30004 | D:2      | Bought a ring of protection from cold for 350 gold pieces
 30004 | D:2      | Bought a +4 ring of protection for 504 gold pieces
 30208 | D:11     | Killed ZoeForever1's ghost
 30210 | D:11     | Reached skill level 1 in Evocations
 30427 | Swamp:1  | Entered Level 1 of the Swamp
 30520 | Swamp:1  | Identified the +1 leather armour of the Distant Future
                  | {Rampage Str+5 Dex-4}
 30901 | Swamp:2  | Noticed a thorn hunter
 30921 | Swamp:2  | Killed a thorn hunter
 31445 | Swamp:3  | Reached skill level 5 in Armour
 31455 | Swamp:3  | Noticed Bai Suzhen
 31478 | Swamp:3  | Killed Bai Suzhen
 31649 | Swamp:3  | Reached skill level 5 in Evocations
 32093 | Swamp:3  | Reached XP level 18. HP: 141/149 MP: 0/0
 32385 | Snake:1  | Entered Level 1 of the Snake Pit
 32557 | Snake:1  | Found Hepude's General Store.
 32572 | Snake:1  | Found Keuskoqi's Jewellery Boutique.
 32580 | Snake:1  | Noticed Kirke
 32587 | Snake:1  | Killed Kirke
 32663 | Snake:1  | Noticed Louise
 32683 | Snake:1  | Killed Louise
 32934 | Snake:1  | Found Ejaren's Distillery.
 32952 | Snake:1  | Found Ekhlaog's Jewellery Boutique.
 32952 | Snake:1  | Found Zuavaut's Magic Scroll Shop.
 32957 | Snake:1  | Found Geda's Weapon Shop.
 33097 | Snake:1  | Found Gynom's Assorted Antiques.
 33537 | Snake:2  | Found a runed translucent door.
 33538 | Snake:2  | Found a shimmering altar of Xom.
 33538 | Snake:2  | Noticed Jingleheimer's ghost (adept MiGl)
 33538 | Snake:2  | Identified the Dissertation on Spellbinding
 33569 | Snake:2  | Killed Jingleheimer's ghost
 34160 | Snake:3  | Found Xuc Faplich's Assorted Antiques.
 34173 | Snake:3  | Reached skill level 10 in Armour
 34179 | Snake:3  | Identified the +1 flail of Gehenna {drain, Fly rF+ Str+3}
 34250 | Snake:3  | Reached ****** piety under Ashenzari
 34360 | Snake:3  | Found Voda's Magic Scroll Shoppe.
 34360 | Snake:3  | Found Osmuimy's Armour Shoppe.
 34361 | Snake:3  | Found Posit's Antique Armour Shoppe.
 34662 | Snake:3  | Reached XP level 19. HP: 162/166 MP: 0/0
 34662 | Snake:3  | Learned a level 7 spell: Malign Gateway
 35242 | Snake:4  | Entered Level 4 of the Snake Pit
 35412 | Snake:4  | Found the +1 cloak of Starlight {*Dazzle EV+4 Stlth--}
 36285 | Snake:4  | Got a serpentine rune of Zot
 36516 | Swamp:4  | Entered Level 4 of the Swamp
 36539 | Swamp:4  | Reached skill level 15 in Armour
 36793 | Swamp:4  | Reached XP level 20. HP: 164/173 MP: 0/0
 36896 | Swamp:4  | Got a decaying rune of Zot
 37463 | Elf:1    | Entered Level 1 of the Elven Halls
 37615 | Elf:1    | Found the +0 pair of fencer's gloves {Riposte Dex+3}
 37930 | Elf:1    | Identified the Discourse on Hurting
 38541 | Elf:2    | Noticed Asterion
 38545 | Elf:2    | Paralysed by an air elemental for 1 turns
 38557 | Elf:2    | Killed Asterion
 38600 | Elf:2    | Found a crumbling gateway.
 38629 | Elf:2    | Found a glowing golden altar of the Shining One.
 38629 | Elf:2    | Found a white marble altar of Elyvilon.
 38630 | Elf:2    | Found a glowing silver altar of Zin.
 38636 | Desolati | Entered the Desolation of Salt
 38690 | Desolati | Identified the +2 ring mail "Heicoesu" {+Inv Str+4 Dex+4}
 38691 | Desolati | Identified the ring "Lyczer" {rElec rCorr MP-9 Int+9 Dex+2}
 38691 | Desolati | Identified the amulet of Insomnia {Faith rN+ Str+4}
 38691 | Desolati | Identified the Octavo of Atmospheric Contamination
 38899 | Desolati | Reached skill level 10 in Evocations
 39053 | Desolati | Identified the ring "Komnusof" {Fly rElec EV+4 Str+3}
 39054 | Desolati | Identified the +2 spear of Wu Jian's Fury {drain, Int+4}
 39177 | Desolati | Reached skill level 10 in Shields
 39198 | Desolati | Reached skill level 15 in Dodging
 39203 | Desolati | Identified the +6 arbalest of Foystrad {penet, rF++ Int+2}
 39206 | Desolati | Identified the +1 chain mail of Gotaawk {Fly rElec rPois}
 39207 | Desolati | Identified the +5 chain mail of the Present {rN+ rCorr}
 39343 | Desolati | Reached XP level 21. HP: 134/179 MP: 0/0
 39343 | Desolati | Learned a level 8 spell: Lehudib's Crystal Spear
 39602 | Elf:2    | Found Topeeq's Weapon Shoppe.
 39687 | Elf:2    | Reached skill level 16 in Dodging
 39741 | Elf:2    | Found a huge runed translucent gate.
 39741 | Elf:2    | Found a huge runed translucent gate.
 39742 | Elf:2    | Found a huge runed translucent gate.
 39743 | Elf:2    | Found a huge runed translucent gate.
 39746 | Elf:2    | Found a huge runed translucent gate.
 40232 | Elf:2    | Reached skill level 17 in Dodging
 40870 | Vaults:1 | Entered Level 1 of the Vaults
 41025 | Vaults:1 | Reached skill level 18 in Dodging
 41857 | Vaults:1 | Reached skill level 19 in Dodging
 42408 | Vaults:2 | Reached XP level 22. HP: 119/185 MP: 0/0
 42437 | Vaults:2 | Noticed Aizul
 42444 | Vaults:2 | Killed Aizul
 42571 | Vaults:2 | Found a transporter.
 42670 | Vaults:2 | Reached skill level 10 in Stealth
 43242 | Vaults:2 | Noticed Kare Xaoge's ghost (adept DgTm)
 43246 | Vaults:2 | Found a transporter.
 43247 | Vaults:2 | Noticed Dacon's ghost (adept MiGl)
 43258 | Vaults:2 | Noticed an ancient lich
 43730 | Vaults:3 | Identified the +0 tower shield "Ladghig" {+Blink}
 43817 | Vaults:3 | Found a flickering gateway to a bazaar.
 43863 | Bazaar   | Entered a bazaar
 43866 | Bazaar   | Found Pamogg's Jewellery Shoppe.
 43883 | Bazaar   | Found Qelit's Book Shoppe.
 43891 | Bazaar   | Found Batedghe's Antique Armour Shoppe.
 43892 | Bazaar   | Found Vavul's Distillery.
 43901 | Bazaar   | Found Nitani's Assorted Antiques.
 43903 | Bazaar   | Bought a potion of heal wounds for 85 gold pieces
 43903 | Bazaar   | Bought a potion of heal wounds for 85 gold pieces
 43903 | Bazaar   | Bought a potion of curing for 51 gold pieces
 43903 | Bazaar   | Bought a potion of brilliance for 68 gold pieces
 43910 | Bazaar   | Bought a potion of invisibility for 128 gold pieces
 43910 | Bazaar   | Bought a potion of mutation for 128 gold pieces
 43910 | Bazaar   | Bought a potion of heal wounds for 80 gold pieces
 43910 | Bazaar   | Bought a potion of haste for 160 gold pieces
 44505 | Vaults:3 | Found a staircase to the Crypt.
 44662 | Vaults:3 | Identified the quicksilver dragon scales of Ylemudinn
                  | {Will+ SInv}
 45243 | Vaults:3 | Reached XP level 23. HP: 160/186 MP: 0/0
 45243 | Vaults:3 | Learned a level 7 spell: Storm Form
 45342 | Vaults:4 | Identified the cursed +2 cloak "Vision of Ashenzari"
                  | {Will+, Melee, Cun} (You took it off Maurice on level 12 of
                  | the Dungeon)
 45525 | Vaults:4 | Noticed Boris
 45536 | Vaults:4 | Killed Boris
 45537 | Vaults:4 | Reached skill level 15 in Shields
 45905 | Vaults:4 | Noticed Zenata
 45912 | Vaults:4 | Killed Zenata
 46413 | Vaults:4 | Identified the +10 arbalest of the Wonderful God {elec, rC+
                  | rN+++ Will- Str-3}
 46709 | Depths:1 | Entered Level 1 of the Depths
 46811 | Depths:1 | Found an iron altar of Okawaru.
 46857 | Depths:1 | Noticed a juggernaut
 46858 | Depths:1 | Found a runed translucent gate.
 46858 | Depths:1 | Found a runed translucent gate.
 46858 | Depths:1 | Found a runed translucent gate.
 46860 | Depths:1 | Noticed Dameikh's ghost (veteran FoFi)
 46892 | Depths:1 | Found a magical portal.
 46899 | WizLab   | Entered Maxwell's Workshop
 47116 | WizLab   | Identified the +1 leather armour "Keloaf" {+Inv rCorr}
 47303 | WizLab   | Identified the ring "Bec Gexe" {Ice rN+ Will+}
 47303 | WizLab   | Identified the ring "Wegon" {Ice rElec Str+4}
 47304 | WizLab   | Identified the ring of Meis {Fire Int+3 Dex+2}
 47469 | WizLab   | Identified the +0 ring mail of Courage {Harm}
 47700 | Depths:1 | Found a gateway to Hell.
 47700 | Depths:1 | Noticed Margery
 47836 | Depths:1 | Killed Margery
 48147 | Depths:2 | Noticed a juggernaut
 48148 | Depths:2 | Noticed a golden dragon
 48165 | Depths:2 | Killed a juggernaut
 48297 | Depths:2 | Reached XP level 24. HP: 97/199 MP: 0/0
 48468 | Depths:2 | Killed a golden dragon
 48898 | Depths:2 | Found a one-way gateway to a ziggurat.
 49042 | Depths:2 | Found a one-way gate leading to the halls of Pandemonium.
 49320 | Depths:3 | Noticed Mara
 49325 | Depths:3 | Noticed concernfroge's illusion
 49343 | Depths:3 | Killed Mara
 49390 | Depths:3 | Noticed Boris
 49400 | Depths:3 | Killed Boris
 49638 | Depths:3 | Reached skill level 15 in Spellcasting
 50479 | Depths:3 | Identified the +0 robe of the King of the Hill {rC+ MP+9
                  | Int+4 Slay-2}
 50659 | Depths:3 | Found a one-way gate to the infinite horrors of the Abyss.
 50951 | Depths:4 | Entered Level 4 of the Depths
 50960 | Depths:4 | Noticed a caustic shrike
 50961 | Depths:4 | Noticed a caustic shrike
 50962 | Depths:4 | Noticed a caustic shrike
 50966 | Depths:4 | Noticed a caustic shrike
 50970 | Depths:4 | Noticed a caustic shrike
 50971 | Depths:4 | Killed a caustic shrike
 50972 | Depths:4 | Killed a caustic shrike
 50973 | Depths:4 | Reached XP level 25. HP: 161/204 MP: 0/0
 50973 | Depths:4 | Learned a level 8 spell: Disjunction
 50973 | Depths:4 | Killed a caustic shrike
 50973 | Depths:4 | Killed a caustic shrike
 50974 | Depths:4 | Killed a caustic shrike
 50975 | Depths:4 | Reached skill level 20 in Dodging
 51101 | Depths:4 | Found a gate to the Realm of Zot.
 51162 | Depths:4 | Reached skill level 21 in Dodging
 51780 | Vaults:5 | Entered Level 5 of the Vaults
 52371 | Snake:3  | Bought an embroidered hat for 301 gold pieces
 52377 | Snake:3  | Bought a +1 helmet of intelligence for 247 gold pieces
 52658 | Elf:3    | Entered Level 3 of the Elven Halls
 52692 | Elf:3    | Identified Roxanne's Quarto of the Mountains
 52692 | Elf:3    | Noticed Roxanne
 52714 | Elf:3    | Killed Roxanne
 53036 | Elf:3    | Noticed Nikola
 53042 | Elf:3    | Killed Nikola
 53043 | Elf:3    | Identified the +1 ring mail "Joudai" {-Cast rF+ Dex+5}
 53204 | Elf:3    | Reached skill level 22 in Dodging
 53327 | Elf:3    | Identified the +0 robe of Asceticism {rElec rPois Stlth+}
 53327 | Elf:3    | Identified Sif Muna's Parchment of the Telluric Escort
 53327 | Elf:3    | Identified the +11 glaive of Mana {freeze, Int+2}
 53329 | Elf:3    | Identified the +11 broad axe "Qaottiorch" {vorpal, rF-
                  | Str+9}
 53331 | Elf:3    | Identified the Disquisition on the Quarry
 53332 | Elf:3    | Identified the +0 ring mail of Snakes and Ladders {Dex+7}
 53451 | Elf:3    | Identified Mouk's Octavo of Frore Blight
 53550 | Elf:3    | Identified the +4 dagger of Voymuzxy {speed, Dex+5}
 53734 | Elf:3    | Found Kirecipt's Jewellery Boutique.
 53736 | Elf:3    | Found Wyol Xoo's Book Shoppe.
 53737 | Elf:3    | Found Qerr's Jewellery Boutique.
 54044 | Vaults:5 | Reached skill level 23 in Dodging
 54054 | Vaults:5 | Reached XP level 26. HP: 127/209 MP: 0/0
 54114 | Vaults:5 | Noticed a dread lich
 54120 | Vaults:5 | Killed a dread lich
 54130 | Vaults:5 | Identified the ring "Ikydilyti" {EV+4 Stlth+}
 54135 | Vaults:5 | Reached skill level 24 in Dodging
 54138 | Vaults:5 | Noticed an ancient lich
 54145 | Vaults:5 | Killed an ancient lich
 54459 | Vaults:5 | Noticed a dread lich
 54472 | Vaults:5 | Killed a dread lich
 54539 | Vaults:5 | Identified the +3 ring mail of Analysis {*Slow rC++ Int+2}
 54621 | Vaults:5 | Identified the +4 mace "Fanni" {pain, rF+}
 55011 | Vaults:5 | Identified the +1 chain mail of Puckish Brilliance {rElec
                  | rC+ Str+4 Int+3}
 55020 | Vaults:5 | Identified the Dissertation on Charged Arcane Weapons
 55041 | Vaults:5 | Got a silver rune of Zot
 55124 | Vaults:5 | Identified the ring "Takipuci" {rPois rF+ rCorr Int+3}
 55156 | Vaults:5 | Identified the +0 glaive "Feiffaec" {flame, *Corrode rElec
                  | Str+7 SInv}
 55269 | Vaults:5 | Found Ikhek's Assorted Antiques.
 55480 | Vaults:5 | Acquired a manual of Evocations
 55773 | Zot:1    | Entered Level 1 of the Realm of Zot
 55794 | Zot:1    | Reached XP level 27. HP: 193/215 MP: 0/0
 55794 | Zot:1    | Learned a level 9 spell: Shatter
 56238 | Zot:1    | Reached skill level 25 in Dodging
 56341 | Zot:1    | Noticed an orb of fire
 56347 | Zot:1    | Killed an orb of fire
 56406 | Zot:1    | Noticed Vv
 56426 | Zot:1    | Killed Vv
 56461 | Zot:1    | Identified the +5 chain mail of Jeywis {Rampage Regen+
                  | Int-5}
 57077 | Zot:1    | Identified the +8 chain mail of the Ditch-Digger {*Corrode
                  | rPois rC+ Slay+6}
 57094 | Zot:1    | Identified the Anthology of Jinxing and Impurities
 57378 | Zot:2    | Identified the +2 morningstar "Lots" {vamp, rC+}
 58731 | Zot:3    | Identified the +7 rapier of Freehold {pain, Will+ Int-2
                  | Dex+2}
 59515 | Zot:5    | Entered Level 5 of the Realm of Zot
 59515 | Zot:5    | Noticed FizzleBangTC's ghost (adept MeEE)
 59515 | Zot:5    | Found a shimmering altar of Xom.
 59515 | Zot:5    | Found a runed translucent door.
 59541 | Zot:5    | Identified the cursed scarf of the Lashed Visionary {rC+
                  | rF+, Self, Evo} (You found it on level 3 of the Snake Pit)
 59882 | Zot:5    | Noticed a dread lich
 59893 | Zot:5    | Killed a dread lich
 59906 | Zot:5    | Noticed a Killer Klown
 59916 | Zot:5    | Noticed an ancient lich
 59920 | Zot:5    | Killed an ancient lich
 59924 | Zot:5    | Noticed an ancient lich
 59927 | Zot:5    | Noticed a Killer Klown
 59931 | Zot:5    | Killed a Killer Klown
 59933 | Zot:5    | Noticed an orb of fire
 59937 | Zot:5    | Noticed a Killer Klown
 59938 | Zot:5    | Noticed an orb of fire
 59945 | Zot:5    | Killed a Killer Klown
 59947 | Zot:5    | Killed an orb of fire
 59948 | Zot:5    | Killed an orb of fire
 59986 | Zot:5    | Noticed an ancient lich
 59988 | Zot:5    | Noticed a Killer Klown
 60001 | Zot:5    | Noticed a dread lich
 60002 | Zot:5    | Killed an ancient lich
 60003 | Zot:5    | Killed a dread lich
 60004 | Zot:5    | Killed an ancient lich
 60005 | Zot:5    | Noticed an orb of fire
 60008 | Zot:5    | Noticed an ancient lich
 60008 | Zot:5    | Killed an orb of fire
 60011 | Zot:5    | Killed an ancient lich
 60011 | Zot:5    | Noticed an ancient lich
 60015 | Zot:5    | Killed an ancient lich
 60017 | Zot:5    | Killed a Killer Klown
 60031 | Zot:5    | Noticed an ancient lich
 60044 | Zot:5    | Noticed a dread lich
 60056 | Zot:5    | Killed a dread lich
 60068 | Zot:5    | Killed an ancient lich
 60383 | Zot:5    | Killed a Killer Klown
 60758 | Zot:5    | Got the Orb of Zot
 60781 | Zot:5    | Noticed a seraph
 61378 | D:$      | Escaped with the Orb!

Illustrated notes

Levels and vault maps discovered:
D:1:      eino_arrival_druids_welcome, layout_basic
D:2:      minmay_evil_eye, layout_loops_ring, shapermc_ecumenical_altar_petra,
          serial_shops, shop_fountains
D:3:      layout_rooms, wad_floor_pattern_2
D:4:      layout_loops_cross, minmay_temple_entry_overgrown, uniq_sigmund,
          uniq_ijyb, uniq_pargi
D:5:      layout_loops_ring, nicolae_overflow_hallway_of_the_gods,
          nicolae_shop_dragon_depot, grunt_ministairs_10,
          uniq_crazy_yiuf_cottage
D:6:      layout_loops_ring, kennysheep_generic_room_14
D:7:      layout_basic, gammafunk_temple_overflow_statue, amcnicky_altar_gilded,
          serial_shops, shop, the_hattery
D:8:      layout_rooms, lemuel_zombie_altar_yredelemnul, dpeg_oklobed_lair
D:9:      layout_loops_ring, uniq_psyche
D:10:     layout_cave_pools, serial_demonic, serial_demonic_a, serial_demonic_c,
          serial_demonic_f, serial_demonic_d, serial_demonic_b,
          serial_demonic_a, nicolae_underground_beach
D:11:     layout_irregular_city, serial_shops, shop, biasface_ghost_orc_armoury,
          uniq_gastronok, uniq_lodul
D:12:     layout_rooms, orc_0_dummy, uniq_maurice, uniq_sonja
D:13:     layout_stronghold, grunt_vaults_entry_fortified, minivault_25
D:14:     layout_basic, hangedman_ru_absence, grunt_decor_resistance,
          dk_noncrumbling_3
D:15:     hangedman_spin_cycle
Temple:   hellmonk_temple_forest_ring
Lair:1:   layout_big_grid, uniq_joseph
Lair:2:   layout_regular_city, skrybe_swamp_entry_bodies,
          minmay_snake_entry_guardpost_small, grunt_megastairs_3
Lair:3:   layout_loops_ring, serial_bayou_shore_a, grunt_megastairs_5,
          lemuel_fruit_fields, serial_bayou_shore_b, infiniplex_staircase_pool,
          lemuel_fruit_fields
Lair:4:   layout_layer_cave, dpeg_slime_entry_enclosed
Lair:5:   hangedman_lair_caniforms_friends, layout_gridlike
Swamp:1:  layout_falls_marsh, nicolae_swamp_well_well_well
Swamp:2:  layout_falls_marsh, nicolae_swamp_orc_logging_accident
Swamp:3:  layout_falls_marsh, hangedman_swamp_blocks, swamp_pool5,
          nicolae_swamp_treefoil, nicolae_swamp_necromancer_hut,
          infiniplex_staircase_pool_2, uniq_bai_suzhen
Swamp:4:  swamp_fiery, layout_basic_swamp, swamp_pool3
Snake:1:  layout_onion, nicolae_snake_serpentine_bazaar, minmay_shoptagon,
          uniq_louise, uniq_kirke
Snake:2:  layout_cave_pods, ebering_ghost_xom
Snake:3:  layout_layer_cave, minmay_shop_grid_forest, grunt_ministairs_2,
          lemuel_fruit_tree, grunt_megastairs_1
Snake:4:  snake_pit_salamanders_mu, layout_rooms
Orc:1:    layout_caves, basic_altar, uniq_urug
Orc:2:    st_orc_congregation, layout_diamond_mine, serial_shops, statue_bzr,
          lightli_church_of_beogh, uniq_saint_roka
Elf:1:    layout_loops_corners, minmay_elf_annihilation
Elf:2:    elven_hall_of_blades_hangedman_alternative
          [nicolae_blade_entry_crossed_weapons], layout_gridlike,
          portal_desolation_entry_holy_temple, serial_sigils,
          serial_sigils_hangedman_shear, serial_sigils_hangedman_stare,
          serial_sigils_hangedman_clutch, serial_shops,
          nicolae_shop_bloodbath_and_beyond, uniq_asterion
Elf:3:    minmay_elf_hall_furrowed, layout_geoelf_diagonals, minmay_shop_grove,
          uniq_roxanne, uniq_nikola
Vaults:1: hangedman_vaults_pinch, ontoclasm_vaults_spin,
          nicolae_vaults_what_the_h, grunt_vaults_twisty, v_misc_1,
          hangedman_vaults_maws, ontoclasm_vaults_fault, grunt_vaults_focal,
          layout_vaults_omnigrid
Vaults:2: nzn_ghost_randoct, v_pattern_4, nicolae_vaults_border_crossing,
          vaults_room_corners, ontoclasm_vaults_twist,
          vaults_dpeg_emergency_exit, v_rooms_4, vaults_room_ringed_pool,
          ontoclasm_vaults_gallery, vaults_mumra_minichess_inversion,
          nicolae_vaults_twisting_passages, vaults_room_fancy_cross, v_misc_8,
          layout_vaults_omnibox, uniq_aizul
Vaults:3: ontoclasm_vaults_ring_square, minmay_crypt_entry_nasty_monster,
          v_misc_17, st_smaller_cells, grunt_vaults_diagonal, v_rooms_3,
          hangedman_vaults_maws, v_rooms_5, vaults_room_stairs_pillars,
          ontoclasm_vaults_loading_screen, hangedman_vaults_stretched_pinwheel,
          v_misc_5, hangedman_vaults_slice, layout_vaults_ring, serial_shops,
          bzr_entry_road
Vaults:4: grunt_vaults_hallway_long, hangedman_vaults_corner,
          nicolae_vaults_puzzle_piece, v_misc_11,
          nicolae_vaults_yaktaur_gun_rack, nicolae_vaults_little_squares_4,
          hangedman_vaults_stagger, ontoclasm_vaults_eye,
          nicolae_vaults_little_squares_4, vaults_room_semicircle,
          layout_vaults_big_room, uniq_boris, uniq_zenata
Vaults:5: serial_shops
Depths:1: layout_roguey, grunt_metal_band, mu_enter_wizlab_2,
          gammafunk_ghost_split, okawaru_gym_becter
Depths:2: minmay_triangles_in_corner, layout_twisted_cross, enter_ziggurat_d,
          rand_demon_pan_entry_3, hell_entry, grunt_decor_cap,
          chequers_serial_rivers_micro_c, infiniplex_staircase_door_maze
Depths:3: evilmike_negative_zone, layout_cave_pools,
          chequers_serial_rivers_micro_e, abyss_entry, grunt_pan_entry_sceptre,
          grunt_hell_entry_dis_grunt, uniq_mara
Depths:4: grunt_twist_and_shout, layout_gridville, hell_entry,
          serial_bayou_pond_b
Zot:1:    layout_concentric_octagons, st_large_dragon_hoard_1, uniq_vv
Zot:2:    layout_misc_corridors, skrybe_zot_glass_1
Zot:3:    kennysheep_spiral_hall, layout_gridlike
Zot:4:    layout_misc_corridors, uniq_parghit
Zot:5:    layout_misc_corridors, ebering_ghost_xom

Skill      XL: |  1  2  3  4  5  6  7  8  9 10 11 12 13 14 15 16 17 18 19 20 21 22 23 24 25 26 27 |
---------------+----------------------------------------------------------------------------------+-----
Spellcasting   | 3 4 6 8 9 11 12 13 14 15 18 | 18.1
Fighting       | 3 8 9 10 12 13 15 17 | 17.1
Dodging        | 4 8 11 12 13 14 15 19 23 24 25 | 25.0
Stealth        | 6 8 9 10 | 10.9
Armour         | 2 6 11 15 16 17 18 21 23 | 23.5
Shields        | 6 10 14 17 18 20 | 20.3
Evocations     | 5 8 10 13 14 | 14.2

Action                   |  1- 3 |  4- 6 |  7- 9 | 10-12 | 13-15 | 16-18 | 19-21 | 22-24 | 25-27 || total
-------------------------+-------+-------+-------+-------+-------+-------+-------+-------+-------++-------
Melee: Dagger            |     3 |     4 |       |     3 |       |       |       |       |       ||    10
       Unarmed           |       |       |    12 |     3 |    25 |       |       |    25 |       ||    65
       Quarterstaff      |       |       |       |       |     1 |       |       |       |       ||     1
       Staff             |       |       |       |       |       |     5 |     3 |       |     4 ||    12
 Cast: Foxfire           |    29 |    47 |    24 |     6 |     3 |     6 |     1 |     2 |       ||   118
       Scorch            |    11 |    46 |    29 |     7 |       |       |       |       |       ||    93
       Conjure Flame     |       |     9 |     9 |    20 |    31 |     1 |       |       |       ||    70
       Call Imp          |       |     3 |     3 |     3 |    20 |    51 |    24 |    16 |     1 ||   121
       Spider Form       |       |       |     2 |       |     1 |       |       |       |       ||     3
       Inner Flame       |       |       |     4 |     7 |     7 |    67 |    29 |    38 |    10 ||   162
       Stone Arrow       |       |       |    40 |   253 |   503 |   295 |   134 |    13 |     7 ||  1245
       Shock             |       |       |    11 |   103 |   162 |    63 |     8 |    12 |     1 ||   360
       Animate Armour    |       |       |       |     1 |    10 |    41 |    48 |    34 |    31 ||   165
       Flame Wave        |       |       |       |     1 |       |       |       |       |       ||     1
       Summon Forest     |       |       |       |       |    12 |    13 |    11 |     9 |    10 ||    55
       Summon Cactus Gia |       |       |       |       |    27 |   114 |    78 |    59 |    47 ||   325
       Simulacrum        |       |       |       |       |       |   167 |   234 |   168 |   264 ||   833
       Malign Gateway    |       |       |       |       |       |       |    15 |     8 |     7 ||    30
       Lehudib's Crystal |       |       |       |       |       |       |    70 |   244 |   243 ||   557
       Storm Form        |       |       |       |       |       |       |       |     4 |       ||     4
       Disjunction       |       |       |       |       |       |       |       |       |    10 ||    10
       Shatter           |       |       |       |       |       |       |       |       |     6 ||     6
Invok: Curse Item        |       |       |     3 |       |     6 |     5 |       |     1 |     2 ||    17
       Shatter the Chain |       |       |       |       |     2 |     3 |       |     1 |     2 ||     8
 Abil: Blinkbolt         |       |       |       |       |       |       |       |     2 |       ||     2
       Evoke Blink       |       |       |       |       |       |       |       |       |     1 ||     1
Evoke: Wand              |       |       |       |     2 |       |     2 |       |     6 |    10 ||    20
       Phial of floods   |       |       |       |       |       |       |       |     1 |       ||     1
       Lightning rod     |       |       |       |       |       |       |       |       |     1 ||     1
  Use: Scroll            |       |     2 |     8 |     6 |     4 |     2 |     2 |     1 |    15 ||    40
       Potion            |       |       |       |     4 |     6 |     5 |     1 |     4 |    38 ||    58
Armor: Robe              |     3 |     3 |     4 |    20 |    54 |    23 |       |       |       ||   107
       Skin              |       |       |     2 |     1 |     3 |       |       |     5 |     3 ||    14
       Pearl dragon scal |       |       |       |       |       |    56 |   155 |    48 |    76 ||   335
Dodge: Dodged            |     3 |    18 |    37 |    92 |   229 |   169 |   192 |   127 |   161 ||  1028
Block: Kite shield       |       |       |       |       |    36 |   173 |   186 |     4 |       ||   399
       Buckler           |       |       |       |       |    13 |       |       |       |       ||    13
       Tower shield      |       |       |       |       |       |       |       |   154 |   187 ||   341
